 Dungeon Crawl Stone Soup version 0.20-a0 (console) character file.

5565 brucemayne the Cleaver (level 10, -1/111 HPs)
             Began as a Demonspawn Berserker on Oct 27, 2016.
             Was a Priest of Trog.
             Slain by a yak (8 damage)
             ... on level 10 of the Dungeon.
             The game lasted 00:18:02 (3614 turns).

brucemayne the Cleaver (Demonspawn Berserker)       Turns: 3614, Time: 00:18:02

Health: -1/111     AC: 13    Str: 25    XL:     10   Next: 44%
Magic:  10/10      EV:  7    Int: 10    God:    Trog [***...]
Gold:   76         SH:  4    Dex: 12    Spells: 0 memorised, 9 levels left

rFire  . . .     SeeInvis .     e - +0 war axe
rCold  . . .     Gourm    .     d - +0 plate armour
rNeg   . . .     Faith    .     (no shield)
rPois  +         Spirit   .     (no helmet)
rElec  .         Reflect  .     n - +0 cloak
rCorr  .         Harm     .     (no gloves)
MR     +....                    (no boots)
Stlth  ..........               (no amulet)
                                A - ring of poison resistance
                                C - ring of protection from magic

@: berserking (expiring), lethally poisoned (-1 -> -5), very quick
A: talons 1, large bone plates 1, nightstalker 1
a: Berserk, Trog's Hand, Burn Spellbooks, Renounce Religion


You were on level 10 of the Dungeon.
You worshipped Trog.
Trog was most pleased with you.
You were hungry.

You visited 2 branches of the dungeon, and saw 12 of its levels.
You also visited: Ossuary.

You collected 336 gold pieces.
You spent 260 gold pieces at shops.

Inventory:

Hand Weapons
 a - a +0 hand axe
 e - a +0 war axe (weapon)
 m - a +0 blowgun
 p - a +2 dagger of venom
 q - the +10 whip "Nuhiymal" {antimagic, rPois rC++ Str-3 Int+3}
   (You found it on level 4 of the Dungeon)

   It reduces the magical energy of the wielder, and disrupts the spells and
   magical abilities of those hit.
   Natural abilities and divine invocations are not affected.
   It affects your strength (-3).
   It affects your intelligence (+3).
   It greatly protects you from cold.
   It protects you from poison.
 u - a +6 dire flail of crushing
 M - a +2 scimitar of flaming
 O - a +0 flail of protection
Missiles
 t - 8 curare-tipped needles
 B - 15 poisoned needles
Armour
 b - a +0 animal skin
 d - a +0 plate armour (worn)
 n - a +0 cloak (worn)
 s - a +0 ring mail of fire resistance
Magical Staves
 K - an uncursed staff of earth {unknown}
Jewellery
 g - an uncursed ring of ice
 i - an uncursed ring of ice
 j - an uncursed ring of magical power
 r - an uncursed ring of protection from magic
 A - a ring of poison resistance (right hand)
 C - a ring of protection from magic (left hand)
Wands
 k - a wand of disintegration (2/24)
 H - a wand of digging (7/24)
Scrolls
 f - 4 scrolls of identify
 h - 2 scrolls of fog
 l - 3 scrolls of remove curse
 x - a scroll of amnesia {unknown}
 y - a scroll of blinking {unknown}
 E - a scroll of enchant weapon {unknown}
 F - a scroll of enchant armour {unknown}
 L - a scroll of noise {unknown}
Potions
 o - 2 potions of degeneration {unknown}
 w - a potion of curing
 z - a potion of haste {unknown}
 D - 3 potions of lignification {unknown}
 G - 2 potions of brilliance {unknown}
 I - a potion of magic
 J - a potion of resistance
Comestibles
 c - 3 bread rations
 v - 2 meat rations
 N - 3 chunks of flesh


   Skills:
 + Level 5.4 Fighting
 - Level 13.0 Axes
 + Level 4.5 Armour
 - Level 1.7 Dodging


You had 9 spell levels left.
You didn't know any spells.

Dungeon Overview and Level Annotations

Branches:
Dungeon (11/15)            Temple (1/1) D:4            Lair (0/6) D:9
    Orc: D:9-12

Altars:
Cheibriados
Fedhas
Hepliaklqana
Kikubaaqudgha
Makhleb
Nemelex Xobeh
Okawaru
Qazlal
Ru
Uskayaw
Vehumet
Xom
Zin

Shops:
D:8 [=%:(   D:9 ?**[   D:10 %

Annotations:
D:5 RexLacerta's ghost, novice DsBe


Innate Abilities, Weirdness & Mutations

You have sharp toenails.
You are partially covered in large bone plates. (SH +4)
You are slightly more attuned to the shadows.


Message History

You slash the yak! You slice the iguana!!
You kill the iguana!
Trog accepts your kill. You block the yak's attack.
Unknown command.
You slash the yak!
The yak is heavily wounded.
You slash the yak!
You kill the yak!
Trog accepts your kill.
You feel sick. The yak gores you!
* * * LOW HITPOINT WARNING * * *
The gnoll barely misses you.
You barely miss the yak. You claw the yak!
The yak is heavily wounded.
The yak gores you.
* * * LOW HITPOINT WARNING * * *
Unknown command.
The gnoll hits you but does no damage. The yak gores you!
You die...

..#####...## ...........#
...........# ...........#
...........# ...........#
...........# ......YY†..########
#..###)@g###.....# .. #)).#
#.....# #.$.# #.....##
#....##$.....##+##
#....##...[......# ..
#....##..........#.
..#....##..........#. ######
#.#...###............
.....########.#...###..........#.


You could see 2 yaks and a gnoll.

Vanquished Creatures
  Erica (D:10)
  2 hill giants (D:10)
  2 hippogriffs (D:9)
  A wyvern (D:9)
  5 yaks
  2 ice beasts
  2 orc warriors
  A black bear (D:10)
  A phantom (D:9)
  7 centaurs
  An ogre (D:7)
  Blork the orc (D:4)
  5 bullfrogs
  A wyvern zombie (Ossuary)
  A gnoll sergeant (D:10)
  7 killer bees
  A howler monkey (D:8)
  2 bullfrog zombies
  A crimson imp (D:8)
  2 centaur zombies
  2 centaur skeletons
  3 hounds (D:8)
  An iguana (D:10)
  3 mummies
  2 orc wizards
  2 worker ants
  2 hound skeletons
  7 gnolls
  A howler monkey zombie (D:5)
  5 adders
  3 shadow imps
  8 dart slugs
  5 leopard geckos
  11 orcs
  A bat (D:9)
  5 giant cockroaches
  A goblin (D:3)
  5 hobgoblins
  7 jackals
  2 quokkas (D:6)
  2 ball pythons
  2 frilled lizards
  6 kobolds
  A leopard gecko skeleton (D:8)
  7 rats
  2 fungi (D:9)
142 creatures vanquished.

Vanquished Creatures (others)
  A fungus (D:9)
1 creature vanquished.

Grand Total: 143 creatures vanquished

Notes
Turn   | Place    | Note
-------+----------+-------------------------------------------
     0 | D:1      | brucemayne the Demonspawn Berserker began the quest for the Orb.
     0 | D:1      | Reached XP level 1. HP: 18/18 MP: 1/1
   116 | D:1      | Reached skill level 3 in Axes
   156 | D:1      | Gained mutation: You are partially covered in large bone plates. (SH +4) [demonic ancestry]
   156 | D:1      | Reached XP level 2. HP: 24/24 MP: 2/2
   423 | D:2      | Reached XP level 3. HP: 16/29 MP: 3/3
   473 | D:3      | Reached ** piety under Trog
   506 | D:3      | Reached skill level 4 in Axes
   598 | D:3      | Reached XP level 4. HP: 28/35 MP: 4/4
   667 | D:4      | Found a sand-covered staircase.
   683 | D:4      | Reached skill level 5 in Axes
   683 | D:4      | Gained mutation: You have sharp toenails. [demonic ancestry]
   683 | D:4      | Reached XP level 5. HP: 37/41 MP: 5/5
   723 | Ossuary  | Entered an ossuary
   745 | Ossuary  | Reached skill level 6 in Axes
   814 | D:4      | Reached XP level 6. HP: 31/47 MP: 6/6
   862 | D:5      | Entered Level 5 of the Dungeon
   862 | D:5      | Noticed an ice beast
   875 | D:5      | Killed an ice beast
   880 | D:5      | Noticed RexLacerta's ghost (novice DsBe)
   904 | D:4      | Got a brightly glowing whip
   919 | D:4      | Found a staircase to the Ecumenical Temple.
   930 | Temple   | Entered the Ecumenical Temple
  1049 | D:4      | Noticed Blork the orc
  1059 | D:4      | Killed Blork the orc
  1059 | D:4      | Reached skill level 7 in Axes
  1303 | D:5      | Reached XP level 7. HP: 28/52 MP: 7/7
  1668 | D:7      | Reached skill level 8 in Axes
  1947 | D:7      | You fall through a shaft!
  1952 | D:8      | Found Udiseobb's Weapon Emporium.
  1959 | D:8      | Reached skill level 9 in Axes
  1959 | D:8      | Gained mutation: You are slightly more attuned to the shadows. [demonic ancestry]
  1959 | D:8      | Reached XP level 8. HP: 51/58 MP: 8/8
  2013 | D:8      | Found Axem's Book Emporium.
  2063 | D:8      | Found Tostratrif's Jewellery Boutique.
  2112 | D:8      | Found Yseur's Antique Armour Shop.
  2177 | D:8      | Found Quceukypn's Food Emporium.
  2204 | D:9      | Identified the +10 whip "Nuhiymal" {antimagic, rPois rC++ Str-3 Int+3} (You found it on level 4 of the Dungeon)
  2208 | D:9      | Found Kirusew's Antique Armour Shop.
  2288 | D:9      | Reached skill level 10 in Axes
  2417 | D:9      | Found Vafutzin's Assorted Antiques.
  2510 | D:9      | Noticed a hippogriff
  2513 | D:9      | Noticed a hippogriff
  2517 | D:9      | Killed a hippogriff
  2517 | D:9      | Reached skill level 11 in Axes
  2517 | D:9      | Reached XP level 9. HP: 56/63 MP: 9/9
  2626 | D:9      | Found a staircase to the Lair.
  2659 | D:9      | Found Eheniudd's General Store.
  2672 | D:9      | Found Xyisotw Xato's Magic Scroll Shop.
  2757 | D:9      | Reached *** piety under Trog
  2779 | D:10     | Entered Level 10 of the Dungeon
  2838 | D:10     | Noticed a hill giant
  2850 | D:10     | Killed a hill giant
  2850 | D:10     | Reached skill level 12 in Axes
  2872 | D:10     | Noticed a hill giant
  3056 | D:10     | Killed a hill giant
  3168 | D:11     | Reached skill level 13 in Axes
  3346 | D:8      | Bought an uncursed ring of poison resistance for 260 gold pieces
  3367 | D:8      | You fall through a shaft for 2 floors!
  3375 | D:10     | Reached XP level 10. HP: 56/70 MP: 10/10
  3403 | D:10     | Noticed Erica
  3416 | D:10     | Killed Erica
  3450 | D:10     | Found Vineneimm's Food Shop.
  3509 | D:10     | Found a stormy altar of Qazlal.
  3607 | D:10     | Reached skill level 5 in Fighting
  3614 | D:10     | Slain by a yak

Vault maps used:
D:1:      ncdulo_halloftheorcs
D:2:      wad_crossroads, chequers_big_river
D:3:      okawaru_trees_2, uniq_jessica, uniq_robin
D:4:      nicolae_ossuary_entry_monument, uniq_sigmund, uniq_blork_the_orc
D:5:      kennysheep_slugbush, first_bread, basic_altar, uniq_eustachio
D:7:      serial_co_window_serial, co_window_corner_a, co_window_corner_a,
          co_window_paths_a, co_window_paths_b, co_window_paths_b,
          co_window_paths_a, co_window_of_opportunity_a, co_window_paths_b,
          co_window_paths_a, co_window_of_opportunity_b,
          co_window_of_opportunity_b, co_window_2corner, glass_columns_c
D:8:      serial_shops, nicolae_shop_trees, shop, shop, shop, shop
D:9:      due_lair_maze_entry_diamond, kennysheep_orc_monster_closet_entryway,
          serial_shops, kennysheep_mini_moat, nicolae_shop_waterfront, shop,
          shop
D:10:     serial_shops, shop, basic_altar, grunt_tengu_nest,
          minmay_stone_trees_medium, uniq_fannar, uniq_urug, uniq_erica
Temple:   dpeg_three_leaves_temple
Ossuary:  ossuary_zaba_flooded

Skill      XL: |  1  2  3  4  5  6  7  8  9 10 |
---------------+-------------------------------+-----
Axes           | 3 4 5 6 7 9 11 13 | 13.0
Armour         | 2 4 |  4.5
Fighting       | 5 |  5.4
Dodging        | |  1.7

Action                   |  1- 3 |  4- 6 |  7- 9 | 10-12 || total
-------------------------+-------+-------+-------+-------++-------
Melee: Hand axe          |   138 |    44 |       |       ||   182
       Kick              |       |    34 |    80 |    18 ||   132
       War axe           |       |    57 |   280 |    49 ||   386
Invok: Berserk           |     1 |     6 |     7 |     3 ||    17
       Trog's Hand       |     1 |     2 |     5 |       ||     8
Evoke: Wand              |     3 |     2 |    10 |       ||    15
  Use: Scroll            |     3 |       |     3 |       ||     6
       Potion            |       |     3 |     3 |       ||     6
  Eat: Chunk             |       |     5 |     9 |       ||    14
       Royal jelly       |       |     1 |     1 |       ||     2
       Beef jerky        |       |     1 |       |       ||     1
       Bread ration      |       |       |     2 |       ||     2
Armor: Plate armour      |   107 |    79 |   184 |    25 ||   395
       Animal skin       |     3 |       |       |       ||     3
Dodge: Dodged            |    39 |    24 |    88 |    23 ||   174
Block: Other             |    19 |    21 |    65 |    16 ||   121
